 Dungeon Crawl Stone Soup version 0.28.0 (webtiles) character file.

Game seed: 15860097533960762333

618868 RighteousDevil the Conqueror (level 27, -6/245 HPs)
             Began as a Hill Orc Fighter on Feb 17, 2022.
             Was a High Priest of Beogh.
             Killed from afar by an orb of fire (13 damage)
             ... with a bolt of fire
             ... on level 5 of the Realm of Zot.
             The game lasted 03:00:53 (68419 turns).

RighteousDevil the Conqueror (Hill Orc Fighter)    Turns: 68419, Time: 03:00:54

Health: -6/245     AC: 26    Str: 29    XL:     27
Magic:  20/31      EV: 12    Int: 20    God:    Beogh [*****.]
Gold:   7326       SH: 23    Dex: 16    Spells: 29/29 levels left

rFire   + + .      SeeInvis +   b - +8 demon blade "Leech" {vamp, Harm Drain rN+}
rCold   + + .      Faith    .   z - +0 tower shield {reflect}
rNeg    + + +      Spirit   .   o - +0 gold dragon scales
rPois   +          Reflect  +   I - +0 helmet {SInv}
rElec   +          Harm     +   G - scarf {rC+ rF+}
rCorr   +          Rampage  +   m - +1 pair of gloves "Tueqocvu" {rElec rCorr MP-9 Int+8}
Will    +++++      Clarity  +   h - +1 pair of boots {rampage}
Stlth   ..........              y - amulet of the Four Winds {rN+ Will+++ Clar}
HPRegen 0.50/turn               E - ring of positive energy
MPRegen 0.22/turn               i - ring "Moasan" {Fly Int+4}

@: about to teleport, flying
A: walk on water, hooves 1, deformed body, frail 1, strong-willed 1, strong 1,
subdued magic 1
}: 4/15 runes: serpentine, barnacled, slimy, silver
a: Renounce Religion, Smiting, Recall Orcish Followers, Give Item to Named
Follower


You were on level 5 of the Realm of Zot.
You worshipped Beogh.
Beogh was extremely pleased with you.
You visited 12 branches of the dungeon, and saw 57 of its levels.
You visited 1 bazaar.
You also visited: Ossuary, Gauntlet, Ice Cave, Volcano and Wizlab.

You collected 10386 gold pieces.
You spent 3060 gold pieces at shops.

Inventory:

Hand Weapons
 a - the +8 broad axe of Vanicog {vorpal, Will+}
   (You acquired it on level 6 of the Dungeon)

   It inflicts extra damage upon your enemies.
   Will:      It increases your willpower.
 b - the +8 demon blade "Leech" (weapon) {vamp, Harm Drain rN+}
   (You found it on level 3 of the Depths)

   It heals its wielder for a portion of the damage dealt every time it strikes
   a living foe.
   rN:        It protects you from negative energy.
   Drain:     It drains your maximum health when unequipped.
   Harm:      It increases damage dealt and taken.
 c - a +6 morningstar of protection
Missiles
 Z - 4 throwing nets
Armour
 h - a +1 pair of boots of rampaging (worn)
 m - the +1 pair of gloves "Tueqocvu" (worn) {rElec rCorr MP-9 Int+8}
   (You found it on level 5 of the Pits of Slime)

   Int:       It affects your intelligence (+8).
   rElec:     It insulates you from electricity.
   MP:        It affects your magic capacity (-9).
   rCorr:     It protects you from acid and corrosion.
 o - +0 gold dragon scales (worn)
 r - the +4 moon troll leather armour {Spirit, Regen++ MP+5}
   (You took it off a moon troll in a wizard's laboratory)

   MP:        It affects your magic capacity (+5).
   Regen:     It increases your rate of health regeneration.
 z - a +0 tower shield of reflection (worn)
 G - a scarf of resistance (worn)
 I - a +0 helmet of see invisible (worn)
 X - +1 storm dragon scales
Jewellery
 i - the ring "Moasan" (right hand) {Fly Int+4}
   (You took it off a necromancer on level 5 of the Vaults)

   [ring of flight]

   Int:       It affects your intelligence (+4).
   Fly:       It grants you flight.
 u - the ring of Voamol {Int+5 Dex+6}
   (You found it on level 1 of the Realm of Zot)

   [ring of dexterity]

   Int:       It affects your intelligence (+5).
   Dex:       It affects your dexterity (+6).
 y - the amulet of the Four Winds (around neck) {rN+ Will+++ Clar}
   (You took it off a necromancer on level 3 of the Crypt)

   [amulet of nothing]

   rN:        It protects you from negative energy.
   Clar:      It protects you against confusion.
   Will:      It greatly increases your willpower.
 C - an amulet of regeneration
 E - a ring of positive energy (left hand)
 L - a +6 ring of dexterity
 M - a ring of poison resistance
 N - a ring of protection from fire
 P - the ring "Nujof" {rPois Int+2 SInv}
   (You found it in a wizard's laboratory)

   [ring of poison resistance]

   Int:       It affects your intelligence (+2).
   rPois:     It protects you from poison.
   SInv:      It lets you see invisible.
 R - a ring of wizardry
 Y - the ring of Sunlight {rPois rC+ Int-4 SInv}
   (You bought it in a shop on level 1 of the Shoals)

   [ring of poison resistance]

   Int:       It affects your intelligence (-4).
   rC:        It protects you from cold.
   rPois:     It protects you from poison.
   SInv:      It lets you see invisible.
Wands
 e - a wand of paralysis (21)
 s - a wand of iceblast (37)
 x - a wand of acid (14) (quivered)
 A - a wand of flame (52)
 B - a wand of charming (7)
 K - a wand of polymorph (39)
 S - a wand of mindburst (11)
 U - a wand of digging (22)
Scrolls
 f - a scroll of silence
 j - 13 scrolls of teleportation
 n - 2 scrolls of holy word
 t - 8 scrolls of amnesia
 F - 12 scrolls of fear
 T - 3 scrolls of fog
Potions
 d - 4 potions of might
 g - 3 potions of mutation
 k - 11 potions of curing
 l - a potion of haste
 q - 5 potions of magic
 v - 6 potions of brilliance
 J - 6 potions of invisibility
Miscellaneous
 D - a box of beasts
 H - a condenser vane
 V - a tin of tremorstones (2/2)
 W - a phantom mirror (inert)


   Skills:
 O Level 27 Fighting
 - Level 14.0 Long Blades
 - Level 18.0(19.1) Axes
 - Level 9.4(13.5) Maces & Flails
 + Level 23.5 Armour
 + Level 11.5 Dodging
 + Level 22.6 Shields
 - Level 1.9 Spellcasting
 O Level 27 Invocations
 - Level 17.4 Evocations


You had 29 spell levels left.
You didn't know any spells.
Your spell library contained the following spells:

 Spells                   Type           Power      Damage    Failure   Level
 Beastly Appendage        Tmut           2%         N/A       87%         1
 Foxfire                  Conj/Fire      4%         2x1d4     87%         1
 Freeze                   Ice            4%         1d3       87%         1
 Magic Dart               Conj           4%         1d3       87%         1
 Sting                    Tmut/Pois      4%         1d3       87%         1
 Summon Small Mammal      Summ           4%         N/A       87%         1
 Blink                    Tloc           2%         N/A       95%         2
 Call Imp                 Summ           1%         N/A       95%         2
 Corpse Rot               Necr/Air       2%         N/A       95%         2
 Ensorcelled Hibernation  Hex/Ice        2%         N/A       95%         2
 Passwall                 Tmut/Erth      0%         N/A       95%         2
 Poisonous Vapours        Pois/Air       2%         N/A       95%         2
 Searing Ray              Conj           2%         2d4       95%         2
 Static Discharge         Conj/Air       1%         N/A       95%         2
 Sublimation of Blood     Necr           1%         N/A       95%         2
 Wereblood                Tmut           1%         N/A       95%         2
 Call Canine Familiar     Summ           1%         N/A       99%         3
 Conjure Flame            Conj/Fire      1%         6-21      99%         3
 Dazzling Flash           Conj/Hex       2%         N/A       99%         3
 Frozen Ramparts          Ice            2%         1d2       99%         3
 Gell's Gravitas          Tloc           1%         N/A       99%         3
 Ignite Poison            Fire/Tmut/Pois 1%         N/A       99%         3
 Inner Flame              Hex/Fire       1%         N/A       99%         3
 Mephitic Cloud           Conj/Pois/Air  1%         N/A       99%         3
 Ozocubu's Armour         Ice            1%         N/A       99%         3
 Portal Projectile        Hex/Tloc       2%         N/A       99%         3
 Spider Form              Tmut/Pois      1%         N/A       99%         3
 Summon Guardian Golem    Hex/Summ       1%         N/A       99%         3
 Swiftness                Air            1%         N/A       99%         3
 Teleport Other           Tloc           1%         N/A       99%         3
 Anguish                  Hex/Necr       0%         N/A       100%        4
 Animate Dead             Necr           0%         N/A       100%        4
 Dispel Undead            Necr           1%         3d6       100%        4
 Flame Wave               Conj/Fire      1%         2d4       100%        4
 Fulminant Prism          Conj/Hex       0%         3d6       100%        4
 Hailstorm                Conj/Ice       1%         3d3       100%        4
 Leda's Liquefaction      Hex/Erth       0%         N/A       100%        4
 Olgreb's Toxic Radiance  Pois           1%         N/A       100%        4
 Petrify                  Tmut/Erth      1%         N/A       100%        4
 Sticky Flame             Conj/Fire      1%         2d3       100%        4
 Summon Lightning Spire   Summ/Air       1%         N/A       100%        4
 Agony                    Necr           1%         N/A       100%        5
 Alistair's Intoxication  Tmut/Pois      0%         N/A       100%        5
 Borgnjor's Vile Clutch   Necr/Erth      0%         N/A       100%        5
 Fireball                 Conj/Fire      0%         3d3       100%        5
 Irradiate                Conj/Tmut      0%         3d14      100%        5
 Iskenderun's Battlesphe  Conj           1%         2d6       100%        5
 Lightning Bolt           Conj/Air       0%         1d11      100%        5
 Manifold Assault         Tloc           1%         N/A       100%        5
 Metabolic Englaciation   Hex/Ice        0%         N/A       100%        5
 Silence                  Hex/Air        0%         N/A       100%        5
 Conjure Ball Lightning   Conj/Air       0%         3x3d6     100%        6
 Death Channel            Necr           0%         N/A       100%        6
 Dispersal                Tloc           0%         N/A       100%        6
 Eringya's Noxious Bog    Tmut/Pois      0%         N/A       100%        6
 Simulacrum               Ice/Necr       0%         N/A       100%        6
 Statue Form              Tmut/Erth      0%         N/A       100%        6
 Summon Cactus Giant      Summ           0%         N/A       100%        6
 Malign Gateway           Summ/Tloc      0%         N/A       100%        7
 Orb of Destruction       Conj           0%         9d5       100%        7
 Ozocubu's Refrigeration  Ice            0%         4d5       100%        7
 Storm Form               Tmut/Air       0%         N/A       100%        7
 Summon Hydra             Summ           0%         N/A       100%        7
 Borgnjor's Revivificati  Necr           0%         N/A       100%        8
 Discord                  Hex            0%         N/A       100%        8
 Disjunction              Tloc           0%         N/A       100%        8
 Ignition                 Fire           0%         3d3       100%        8
 Maxwell's Capacitive Co  Air            0%         ∞         100%        8
 Necromutation            Tmut/Necr      0%         N/A       100%        8
 Summon Horrible Things   Summ           0%         N/A       100%        8
 Chain Lightning          Conj/Air       0%         2d1       100%        9
 Death's Door             Necr           0%         N/A       100%        9
 Fire Storm               Conj/Fire      0%         6d1       100%        9
 Polar Vortex             Ice            0%         N/A       100%        9
 Shatter                  Erth           0%         3d5*      100%        9


Dungeon Overview and Level Annotations

Branches:
Dungeon (15/15)            Temple (1/1) D:7            Lair (6/6) D:9
 Shoals (4/4) Lair:2        Snake (4/4) Lair:4        Slime (5/5) Lair:5
    Orc (2/2) D:10            Elf (3/3) Orc:2        Vaults (5/5) D:14
  Crypt (3/3) Vaults:2       Tomb (0/3) Crypt:3      Depths (4/4) D:15
    Zot (5/5) Depths:4    Ossuary (visited)           IceCv (visited)
Volcano (visited)          WizLab (visited)         Gauntlet (visited)

Altars:
Ashenzari
Cheibriados
Dithmenos
Elyvilon
Fedhas
Gozag
Hepliaklqana
Kikubaaqudgha
Makhleb
Nemelex Xobeh
Okawaru
Qazlal
Ru
Sif Muna
Trog
Uskayaw
Vehumet
Wu Jian
Xom
Yredelemnul
Zin
The Shining One
Beogh
Jiyva
Lugonu

Shops:
D:1 *   D:6 !   D:7 :   Orc:2 *!(*:   Elf:1 :   Shoals:1 =   Shoals:2 (
Snake:3 !*   Zot:1 ***   Depths:4 *

Portals:
Hell: Depths:1 Depths:2 Depths:3 Depths:4
Abyss: Lair:6 Depths:3
Pandemonium: Depths:1 Depths:2
Ziggurat: Depths:4
Trove: Vaults:4 (give +3 storm dragon scales)

Annotations:
D:9 2 transporters, krigyl's ghost, journeyman BaCj
Snake:1 1 runed translucent door, Dadghomedgh's ghost, adept GnWz
Elf:2 5 runed translucent doors
Zot:1 3 runed translucent doors, exclusion: obsidian statue, Hicanoach's ghost, master DsGl
Zot:2 36 runed doors


Innate Abilities, Weirdness & Mutations

You can walk on water.
You have large cloven feet.
Armour fits poorly on your strangely shaped body.
You are frail. (-10% HP)
You are strong-willed. (Will+)
Your muscles are strong. (Str +2)
Your spells are a little easier to cast, but a little less powerful.


Message History

As you read the scroll of teleportation, it crumbles to dust.
You feel strangely unstable.
You feel the Orb delaying your translocation!
The orb of fire glows red.
The fireball explodes!
The fireball engulfs you!! You resist.
* * * LOW HITPOINT WARNING * * *
The fireball engulfs the orb of fire.
The orb of fire completely resists.
You hear a shout!
You feel much better.
The electric golem blinks!
The Tzitzimitl calls on the powers of darkness!
Your body is wracked with pain!
* * * LOW HITPOINT WARNING * * *
The golden dragon convulses!
The orb of fire glows deep purple.
The bolt of fire hits you! You resist.
* * * LOW HITPOINT WARNING * * *
Unknown command.
Unknown command.
Okay, then.
Aiming: Phantom Mirror
Press: ? - help, Dir - move target, f - orb of fire
Aim: an orb of fire You reflect the orb of fire with the mirror!
The mirror clouds!
The electric golem blinks!
The Orb Guardian fails to trigger a net trap.
A Killer Klown comes into view. It is wielding a +9 club of flaming.
The orb of fire emits a lurid red light.
The fireball explodes!
The fireball engulfs you!! You resist.
* * * LOW HITPOINT WARNING * * *
The fireball engulfs the orb of fire.
The orb of fire completely resists.
The fireball engulfs your orb of fire.
Your orb of fire completely resists.
You feel better.
The Tzitzimitl calls on the powers of darkness!
The golden dragon convulses!
Your body is wracked with pain!
* * * LOW HITPOINT WARNING * * *
The Orb Guardian convulses!
The Killer Klown convulses!
The orb of fire glows bright magenta.
The bolt of fire hits you! You resist.
You die...

#....................# ##....
#......^.............# #....
#....................# ##....
#.........^^.^.......# #...^.
#....................# ##.....
#^.................^.###......
##..................###...####
##..§......**....^##.)..##
##.....D1.§@.X^.).)..###
▓▓..p§8##▓▓▓▓▓▓▓▓▓▓▓#
▓▓..[§§§§§.......
▓^..§§§§§§.......
▓.....§§§§...^....
.......§.§........
..............^...
▓.........9.......
▓▓^....1**LD...^..


You could see an orb of fire (ally target), a Killer Klown, a golden dragon, a
Tzitzimitl (summoned), an Orb Guardian and a friendly orb of fire (summoned,
drained).

Vanquished Creatures
  the Royal Jelly (Slime:5)
  2 orbs of fire (Zot:5)
  A dread lich (Zot:5)
  2 ancient liches
  Mennas (Crypt:2)
  6 juggernauts
  Boris (twice) (Crypt:3 Depths:2)
  Xtahua (Vaults:3)
  Vashnia (Snake:2)
  6 curse toes
  3 Killer Klowns (Zot:5)
  3 caustic shrikes
  8 golden dragons
  A hellephant (Vaults:1)
  16 tentacled monstrosities
  A moon troll (WizLab)
  2 deep elf blademasters (Elf:3)
  2 deep elf master archers (Elf:3)
  9 Orb Guardians (Zot:5)
  3 titans
  3 liches
  6 quicksilver dragons
  Asterion (Depths:2)
  3 ancient champions
  A kraken (Shoals:1)
  8 death cobs
  8 sphinxes
  10 tentacled starspawn (WizLab)
  11 acid blobs
  10 storm dragons
  3 shadow dragons
  A revenant (Crypt:2)
  6 tengu reavers
  5 rockslimes (Slime:5)
  12 fire giants
  2 nagarajas (Snake:4)
  4 azure jellies
  4 draconian monks
  8 frost giants
  8 draconian knights
  3 iron dragons
  A ghost moth (shapeshifter) (Depths:2)
  A cacodemon (WizLab)
  6 draconian scorchers
  4 curse skulls
  3 deep elf sorcerers
  5 vault wardens
  4 balrugs
  9 ghouls
  Aizul (Snake:4)
  2 ghost moths
  3 draconian stormcallers
  5 draconian shifters
  5 deep elf elementalists (Elf:3)
  A spriggan defender (Depths:2)
  10 ironbound preservers
  9 quicksilver oozes
  A caustic shrike skeleton (Crypt:3)
  2 ironbound thunderhulks
  4 war gargoyles
  22 stone giants
  4 draconian annihilators
  18 very ugly things
  4 reapers
  3 vampire knights
  7 black draconians
  7 deep elf demonologists (Elf:3)
  6 red draconians
  An entropy weaver (Vaults:1)
  9 deep elf annihilators
  7 purple draconians
  4 green draconians
  6 white draconians
  6 spark wasps
  A minotaur (Gauntlet)
  18 yellow draconians
  8 dire elephants
  12 eidola
  Snorg (D:10)
  5 merfolk impalers
  8 fire dragons
  4 crystal guardians
  3 merfolk javelineers
  11 ettins
  5 deep elf death magi (Elf:3)
  A mummy priest (Crypt:3)
  2 deep elf high priests
  4 yaktaur captains
  2 spriggan zombies
  10 jiangshi
  Erolcha (D:9)
  8 great orbs of eyes
  A hell beast (Depths:1)
  3 ironbound frosthearts
  5 rakshasas
  6 vault guards
  3 peacekeepers
  4 ogre magi
  A spriggan skeleton (Crypt:3)
  3 boulder beetles
  9 ice dragons
  7 hydras
  2 merfolk aquamancers
  9 centaur warriors
  A spriggan air mage (Depths:2)
  6 merfolk avatars
  A hydra (shapeshifter) (Zot:2)
  4 anacondas
  16 naga warriors
  3 salamander tyrants
  15 two-headed ogres
  A catoblepas (Lair:4)
  2 death knights
  12 dancing weapons
  8 death yaks
  3 satyrs
  2 tengu warriors
  A titan zombie (Crypt:1)
  8 deep troll earth magi
  3 vampire magi
  Urug (D:10)
  2 thrashing horrors (Lair:6)
  18 naga sharpshooters
  9 deep troll shamans
  6 spriggan berserkers
  3 sun demons
  23 hell knights
  8 shock serpents
  6 soul eaters
  A storm dragon zombie (Crypt:3)
  A wretched star (WizLab)
  14 iron trolls
  6 deep elf knights
  A spectral death yak (Gauntlet)
  8 salamander mystics
  29 skeletal warriors
  5 naga ritualists
  A swamp dragon (Lair:5)
  A sixfirhy (Depths:2)
  34 deep trolls
  A bunyip skeleton (Crypt:2)
  3 flayed ghosts
  A ghost moth zombie (Crypt:2)
  A quicksilver dragon simulacrum (Depths:1)
  2 anaconda zombies
  A deep troll (shapeshifter) (Depths:2)
  12 sea snakes
  A storm dragon skeleton (Crypt:2)
  An orange crystal statue (WizLab)
  2 bog bodies (Crypt:2)
  2 anaconda skeletons (Crypt:3)
  12 glowing orange brains
  An orb spider (shapeshifter) (Depths:3)
  10 wizards
  4 lindwurms
  2 harpies (shapeshifter)
  13 mana vipers
  8 phantasmal warriors
  An orc knight (D:14)
  5 deep elf archers
  12 deep elf pyromancers
  8 deep elf zephyrmancers
  9 harpies
  14 necromancers
  A wolf spider (shapeshifter) (Zot:2)
  13 ironbound convokers
  A wolf spider zombie (D:15)
  37 ugly things
  A shining eye (Slime:5)
  10 cyclopes
  3 oklob plants (Zot:3)
  2 large abominations (Lair:6)
  A salamander (shapeshifter) (Depths:1)
  25 salamanders
  11 moths of wrath
  A manticore (shapeshifter) (Depths:4)
  10 elephants
  9 manticores
  9 fauns
  A cyclops (shapeshifter) (Vaults:3)
  A fire giant zombie (Depths:1)
  A dire elephant zombie (Crypt:3)
  A black mamba (shapeshifter) (Elf:1)
  39 black mambas
  9 merfolk sirens
  A stone giant skeleton (Depths:1)
  6 eyes of devastation
  17 naga magi
  An ice statue (IceCv)
  5 water nymphs
  A frost giant skeleton (Crypt:1)
  Joseph (D:9)
  2 smoke demons
  10 apocalypse crabs (Zot:1)
  2 naga zombies
  15 vault sentinels
  10 guardian serpents
  5 molten gargoyles (Volcano)
  10 cane toads
  2 hellions
  A dire elephant skeleton (Crypt:3)
  A minotaur zombie (Gauntlet)
  A gargoyle (Volcano)
  3 kobold demonologists
  2 freezing wraiths
  2 tengu conjurers
  7 centaur skeletons
  11 komodo dragons
  19 yaktaurs
  3 rime drakes
  A guardian mummy (Crypt:3)
  A red devil (Gauntlet)
  An efreet (Zot:1)
  9 hellwings (Crypt:3)
  2 ice devils (Lair:1)
  2 ancient zymes (Lair:6)
  2 harpy zombies (Zot:2)
  A red draconian skeleton (Crypt:1)
  6 meliai (D:14)
  2 hydra zombies (Crypt:3)
  5 wind drakes
  16 merfolk
  2 trolls
  10 polar bears
  3 harpy skeletons (Crypt:3)
  5 raiju (Zot:2)
  15 blink frogs
  43 slime creatures
  3 hornets
  4 snapping turtles
  A tarantella (shapeshifter) (Zot:2)
  6 dream sheep
  4 jumping spiders (Crypt:3)
  16 starcursed masses (WizLab)
  10 wraiths
  3 spriggans
  2 wyverns
  An ettin skeleton (Crypt:3)
  8 water elementals
  Eustachio (D:4)
  4 vampires
  56 yaks
  2 ushabtiu (Crypt:3)
  A golden eye (Slime:5)
  3 fire elementals
  5 basilisks
  2 chaos spawn (Lair:6)
  3 neqoxecs
  A steam dragon (Lair:3)
  4 redbacks
  12 vampire mosquitoes
  A human (shapeshifter) (Lair:6)
  Menkaure (D:7)
  2 wargs
  60 nagas
  Duvessa (D:7)
  12 water moccasins
  3 floating eyes
  A naga skeleton (Crypt:3)
  5 orc warriors
  2 sky beasts (D:6)
  A manticore zombie (Crypt:1)
  4 black bears (D:9)
  2 ice beasts
  4 necrophages
  18 ogres
  7 boggarts
  20 wolves
  8 centaurs
  A dream sheep skeleton (Crypt:2)
  A phantom (D:6)
  A salamander zombie (Crypt:2)
  A palentonga zombie (Crypt:1)
  4 kobold brigands
  13 bullfrogs
  A wyvern zombie (D:8)
  5 gnoll sergeants
  A cyclops zombie (Crypt:2)
  2 scorpions
  2 earth elementals (Elf:2)
  6 small abominations (Lair:6)
  9 wyvern skeletons (Crypt:3)
  4 killer bees (D:11)
  Dowan (D:7)
  8 wights
  3 electric eels
  5 howler monkeys (D:8)
  A lava snake (D:15)
  2 crimson imps (Gauntlet)
  A bullfrog zombie (D:5)
  8 centaur zombies
  4 hounds
  4 orc priests
  24 jellies (Zot:3)
  4 iguanas
  11 orc wizards
  A killer bee zombie (D:8)
  A hound skeleton (D:5)
  3 howler monkey zombies
  8 mummies (Ossuary)
  15 gnolls
  A howler monkey skeleton (D:7)
  5 adders
  3 ufetubi
  A lava snake zombie (Crypt:1)
  A worm (D:2)
  2 dart slugs (D:4)
  22 orcs
  4 endoplasms
  7 giant cockroaches
  3 gnoll zombies (Ossuary)
  4 goblins
  2 hobgoblins
  6 jackals
  6 quokkas
  6 ball pythons
  7 bats
  3 frilled lizards
  2 hobgoblin zombies (Ossuary)
  28 kobolds
  3 kobold zombies (Ossuary)
  7 rats
  16 starspawn tentacles (WizLab)
1962 creatures vanquished.

Vanquished Creatures (collateral kills)
  Dissolution (Slime:4)
  An ancient lich (Vaults:4)
  Mara (Vaults:2)
  Boris (thrice) (Vaults:2 Vaults:3 Crypt:2)
  Bai Suzhen (Vaults:3)
  Saint Roka (Vaults:3)
  Nikola (Shoals:4)
  A shard shrike zombie (Crypt:3)
  A lich (Crypt:3)
  A shard shrike skeleton (Crypt:3)
  5 acid blobs
  A sphinx (Vaults:4)
  Polyphemus (Shoals:2)
  A quicksilver dragon (Zot:2)
  An orc warlord (Crypt:2)
  Donald (Shoals:2)
  A tengu reaver (Vaults:4)
  2 azure jellies
  10 slime creatures
  2 storm dragons (Vaults:4)
  4 rockslimes
  A frost giant (Shoals:4)
  2 vault wardens
  A cacodemon (WizLab)
  A ghoul (Crypt:2)
  A deep elf elementalist (Elf:3)
  A juggernaut zombie (Crypt:3)
  A reaper (Crypt:3)
  A caustic shrike skeleton (Crypt:3)
  2 stone giants
  4 ironbound preservers
  2 war gargoyles
  3 ironbound thunderhulks
  3 quicksilver oozes (Slime:5)
  A very ugly thing (Vaults:1)
  2 vampire knights
  A green draconian (Zot:2)
  2 dire elephants
  Nessos (Lair:6)
  An entropy weaver (Vaults:3)
  A black draconian (Zot:2)
  A yellow draconian (Zot:2)
  2 deep elf death magi (Crypt:3)
  4 eidola
  2 crystal guardians
  6 merfolk impalers
  6 yaktaur captains
  A fire dragon (Depths:1)
  An ettin (Vaults:4)
  4 jiangshi
  A spriggan zombie (Crypt:3)
  4 salamander tyrants
  3 rakshasas (Depths:1)
  A peacekeeper (Vaults:3)
  An ice dragon (Depths:1)
  A boulder beetle (Lair:2)
  A hell beast (Depths:1)
  A fenstrider witch zombie (Crypt:3)
  3 great orbs of eyes
  6 hydras
  8 naga warriors (Snake:4)
  5 alligator snapping turtles
  15 vault guards (Vaults:4)
  2 merfolk avatars (Shoals:1)
  An anaconda (Snake:4)
  3 two-headed ogres (Orc:2)
  An ogre mage (Orc:2)
  2 ironbound frosthearts
  2 catoblepae
  2 satyrs (Shoals:3)
  A death knight (Crypt:1)
  4 dancing weapons
  A centaur warrior (D:14)
  3 merfolk aquamancers
  5 death yaks
  A deep troll shaman (Depths:1)
  A vampire mage (Crypt:2)
  2 soul eaters
  A deep elf knight (Elf:2)
  2 shock serpents (Snake:3)
  An iron troll (Depths:1)
  7 sea snakes
  2 glowing orange brains
  7 skeletal warriors
  15 deep trolls
  A spark wasp zombie (Depths:1)
  An orb spider (Zot:2)
  4 naga ritualists
  4 deep elf archers
  A wizard (Vaults:1)
  5 necromancers
  10 harpies
  7 deep elf pyromancers
  6 phantasmal warriors
  2 large abominations (Lair:6)
  A shadow dragon zombie (Crypt:3)
  5 ironbound convokers
  A lindwurm (Vaults:3)
  9 deep elf zephyrmancers
  2 mana vipers (Snake:4)
  12 ugly things
  A stone giant zombie (Crypt:3)
  A frost giant zombie (Depths:1)
  A wolf spider (Crypt:3)
  A sphinx skeleton (Crypt:2)
  5 fauns
  5 manticores
  3 cyclopes
  2 shining eyes
  10 salamanders
  2 black mambas
  A moth of wrath (shapeshifter) (Vaults:4)
  A moth of wrath (Zot:2)
  3 merfolk sirens
  A guardian serpent (Snake:4)
  6 elephants
  An elephant (shapeshifter) (Vaults:4)
  A naga mage (D:15)
  A torpor snail (Lair:2)
  A centaur zombie (D:15)
  An eye of devastation (shapeshifter) (Vaults:4)
  3 water nymphs
  2 centaur skeletons (D:15)
  3 vault sentinels
  7 cane toads
  A sea snake zombie (Crypt:2)
  A catoblepas zombie (Crypt:2)
  A rime drake (Lair:6)
  8 komodo dragons
  A tengu conjurer (Depths:2)
  3 freezing wraiths
  2 yaktaurs
  4 hellwings (Crypt:3)
  A harpy zombie (Zot:2)
  A troll (shapeshifter) (Lair:6)
  A troll (Orc:1)
  9 merfolk
  A wind drake (shapeshifter) (Depths:1)
  14 blink frogs
  2 jumping spiders (Crypt:3)
  2 snapping turtles (Shoals:2)
  A dream sheep (Shoals:2)
  A starcursed mass (WizLab)
  A spriggan (shapeshifter) (D:14)
  An air elemental (Elf:3)
  7 water elementals
  A wraith (Crypt:1)
  22 yaks
  A golden eye (Slime:5)
  5 basilisks
  An orc wizard (Lair:2)
  2 redbacks (Vaults:3)
  2 wargs
  9 nagas
  2 water moccasins
  A floating eye (shapeshifter) (Depths:2)
  2 orc warriors (Vaults:3)
  A necrophage (Crypt:2)
  7 ogres (Orc:2)
  A boggart (Vaults:1)
  3 wolves
  A centaur (D:14)
  3 small abominations (Lair:6)
  2 kobold brigands (D:14)
  6 bullfrogs
  A draconian skeleton (Crypt:1)
  2 wyvern skeletons (Crypt:3)
  3 electric eels
  An orc (Orc:1)
  A kobold (D:14)
  A bush (Lair:4)
  A starspawn tentacle (WizLab)
  A withered plant (Crypt:3)
496 creatures vanquished.

Vanquished Creatures (others)
  7 orc warlords
  A yellow draconian (Zot:3)
  5 orc high priests
  2 merfolk javelineers (Shoals:4)
  A vault guard (Vaults:5)
  An eye of devastation (Zot:2)
  A deep elf knight (Elf:1)
  A deep troll (shapeshifter) (Zot:2)
  6 orc sorcerers
  A steelbarb worm (shapeshifter) (Depths:2)
  13 orc knights
  A moth of wrath (Zot:2)
  A manticore (Shoals:4)
  A smoke demon (Lair:6)
  A harpy zombie (Zot:2)
  A merfolk (Shoals:4)
  A hornet (shapeshifter) (Elf:1)
  10 orc wizards
  A naga (Snake:3)
  6 orc warriors
  A boggart (Zot:2)
  14 orc priests
  32 orcs
  A bush (Lair:5)
  5 demonic plants (WizLab)
  89 fungi
  262 plants
  18 starspawn tentacles (WizLab)
  6 tentacles (Shoals:1)
  40 withered plants
530 creatures vanquished.

Grand Total: 2988 creatures vanquished

Notes
Turn   | Place    | Note
-------+----------+-------------------------------------------
     0 | D:1      | RighteousDevil the Hill Orc Fighter began the quest for the
                  | Orb.
     0 | D:1      | Reached XP level 1. HP: 19/19 MP: 1/1
   131 | D:1      | Reached XP level 2. HP: 5/26 MP: 2/2
   449 | D:1      | Found Umanim's Assorted Antiques.
   944 | D:1      | Reached XP level 3. HP: 30/31 MP: 3/3
  1175 | D:2      | Reached skill level 5 in Axes
  1360 | D:2      | Reached XP level 4. HP: 36/39 MP: 4/4
  2291 | D:3      | Identified the +9 plate armour "Axux" {Regen+ Dex-3 Slay+3
                  | Stlth+}
  2473 | D:3      | Found a faded altar of an unknown god.
  2726 | D:4      | Noticed a scorpion
  2732 | D:4      | Killed a scorpion
  2733 | D:4      | Reached XP level 5. HP: 45/45 MP: 5/5
  2827 | D:4      | Reached XP level 6. HP: 51/51 MP: 6/6
  2984 | D:4      | Noticed Eustachio
  3008 | D:4      | Killed Eustachio
  3009 | D:4      | Reached XP level 7. HP: 48/57 MP: 7/7
  3376 | D:4      | Found a glowing silver altar of Zin.
  3418 | D:5      | Entered Level 5 of the Dungeon
  3476 | D:5      | Reached skill level 10 in Axes
  3527 | D:5      | Found a stormy altar of Qazlal.
  3617 | D:5      | Found a sacrificial altar of Ru.
  3745 | D:5      | Found a sand-covered staircase.
  3798 | Ossuary  | Entered an ossuary
  3819 | Ossuary  | Reached XP level 8. HP: 61/64 MP: 8/8
  4463 | D:6      | Found a hide-covered altar of Uskayaw.
  4661 | D:6      | Reached XP level 9. HP: 70/70 MP: 9/9
  4828 | D:6      | Found Odatifo's Distillery.
  4833 | D:6      | Reached skill level 15 in Axes
  4839 | D:6      | Bought a potion of heal wounds for 55 gold pieces
  4843 | D:6      | Identified a scroll of acquirement
  4843 | D:6      | Acquired the +8 broad axe of Vanicog {vorpal, Will+}
  5021 | D:7      | Found a staircase to the Ecumenical Temple.
  5081 | Temple   | Entered the Ecumenical Temple
  5424 | D:7      | Found Rahuh's Book Boutique.
  5456 | D:7      | Noticed Duvessa
  5456 | D:7      | Noticed Dowan
  5474 | D:7      | Killed Duvessa
  5475 | D:7      | Killed Dowan
  5624 | D:7      | Noticed Menkaure
  5627 | D:7      | Killed Menkaure
  5798 | D:8      | Became a worshipper of Beogh the Brigand
  5826 | D:8      | Reached XP level 10. HP: 77/77 MP: 10/10
  6433 | D:9      | Noticed Joseph
  6447 | D:9      | Killed Joseph
  6448 | D:9      | Reached skill level 1 in Invocations
  6471 | D:9      | Found a staircase to the Lair.
  6477 | D:9      | Noticed Erolcha
  6492 | D:9      | Killed Erolcha
  6493 | D:9      | Reached skill level 5 in Fighting
  6493 | D:9      | Reached * piety under Beogh
  6500 | D:9      | Reached skill level 5 in Armour
  6504 | D:9      | Reached skill level 5 in Shields
  6590 | D:9      | Found a transporter.
  6593 | D:9      | Noticed krigyl's ghost (journeyman BaCj)
  6607 | D:9      | Found a transporter.
  6914 | D:9      | Found a blossoming altar of Fedhas.
  7110 | D:10     | Entered Level 10 of the Dungeon
  7169 | D:10     | Reached skill level 5 in Invocations
  7169 | D:10     | Reached XP level 11. HP: 89/89 MP: 14/14
  7237 | D:10     | Noticed Urug
  7258 | D:10     | Killed Urug
  7378 | D:10     | Noticed Snorg
  7395 | D:10     | Killed Snorg
  7443 | D:10     | Found a staircase to the Orcish Mines.
  7798 | Lair:1   | Entered Level 1 of the Lair of Beasts
  7819 | D:9      | Reached ** piety under Beogh
  7966 | Lair:1   | Found a frozen archway.
  7983 | IceCv    | Entered an ice cave
  8036 | IceCv    | Reached XP level 12. HP: 95/103 MP: 18/18
  8118 | IceCv    | Noticed a death yak
  8128 | IceCv    | Killed a death yak
  8218 | IceCv    | Reached *** piety under Beogh
  8283 | IceCv    | Noticed a death yak
  8295 | IceCv    | Killed a death yak
  8304 | IceCv    | Noticed a death yak
  8318 | IceCv    | Killed a death yak
  8351 | IceCv    | Noticed a death yak
  8351 | IceCv    | Noticed a frost giant
  8351 | IceCv    | Noticed a death yak
  8361 | IceCv    | Killed a death yak
  8370 | IceCv    | Killed a death yak
  8379 | IceCv    | Killed a frost giant
  8380 | IceCv    | Reached skill level 10 in Fighting
  8380 | IceCv    | Reached skill level 10 in Invocations
  8409 | IceCv    | Got Fahud's Grimoire of Cold
  8580 | Lair:1   | Noticed a six-headed hydra
  8580 | Lair:1   | Noticed a seven-headed hydra
  8612 | D:9      | Killed a seven-headed hydra
  8726 | D:11     | Noticed a four-headed hydra
  8735 | D:11     | Killed a four-headed hydra
  8736 | D:11     | Reached skill level 1 in Maces & Flails
  8760 | D:11     | Noticed a two-headed ogre
  8769 | D:11     | Killed a two-headed ogre
  8770 | D:11     | Reached XP level 13. HP: 67/114 MP: 20/20
  9025 | D:11     | Found the +3 hat of Pondering {ponderous, Will+ MP+10
                  | Int+5}
  9109 | D:11     | Found a gate leading to a gauntlet.
  9116 | Gauntlet | Entered a Gauntlet
  9116 | Gauntlet | Found a transporter.
  9123 | Gauntlet | Found a transporter.
  9127 | Gauntlet | Found a transporter.
  9135 | Gauntlet | Found a transporter.
  9139 | Gauntlet | Found a transporter.
  9150 | Gauntlet | Found a transporter.
  9151 | Gauntlet | Found a transporter.
  9155 | Gauntlet | Found a runed translucent door.
  9157 | Gauntlet | Found a runed translucent door.
  9159 | Gauntlet | Found a transporter.
  9163 | Gauntlet | Found a transporter.
  9165 | Gauntlet | Noticed a balrug
  9171 | Gauntlet | Found a transporter.
  9202 | Gauntlet | Found a transporter.
  9214 | Gauntlet | Found a transporter.
  9227 | Gauntlet | Found a transporter.
  9239 | Gauntlet | Found a transporter.
  9443 | Gauntlet | Reached skill level 10 in Armour
  9443 | Gauntlet | Reached skill level 10 in Shields
  9458 | Gauntlet | Identified the +3 helmet "Oveiruxu" {Dex+5}
  9607 | Gauntlet | Found the +5 robe of Misfortune {Harm *Corrode *Slow EV+5}
  9607 | Gauntlet | Noticed a minotaur
  9619 | Gauntlet | Killed a minotaur
  9670 | Gauntlet | Got Netaxa's Compendium of Supportive Stolen Souls
  9754 | D:11     | Found a white marble altar of Elyvilon.
 10963 | D:12     | Reached **** piety under Beogh
 11808 | D:13     | Reached skill level 5 in Maces & Flails
 12360 | D:14     | Reached XP level 14. HP: 67/126 MP: 21/21
 12582 | D:14     | Reached ***** piety under Beogh
 12605 | D:14     | Gained Morguth as an ally
 13274 | D:14     | Found an opulent altar of Gozag.
 13387 | D:14     | Found a gate to the Vaults.
 13826 | D:15     | Entered Level 15 of the Dungeon
 13963 | D:15     | Acquired a manual of Armour
 14659 | D:15     | Found a staircase to the Depths.
 14894 | Orc:1    | Entered Level 1 of the Orcish Mines
 14894 | Orc:1    | Found a roughly hewn altar of Beogh.
 14897 | Orc:1    | Reached XP level 15. HP: 137/137 MP: 22/22
 15077 | Orc:2    | Entered Level 2 of the Orcish Mines
 15385 | Orc:2    | Found a roughly hewn altar of Beogh.
 15879 | Orc:2    | Reached ****** piety under Beogh
 15879 | Orc:2    | Gained Syrus as an ally
 15880 | Orc:2    | Found Ciedgh's General Store.
 15880 | Orc:2    | Found Bugawnugg's Book Boutique.
 15963 | Orc:2    | Found Peatesij's Weapon Shoppe.
 15963 | Orc:2    | Found Uno Tyr's Distillery.
 15973 | Orc:2    | Found a staircase to the Elven Halls.
 15999 | Orc:2    | Found Ruipul's Assorted Antiques.
 16019 | Orc:2    | Bought a potion of curing for 69 gold pieces
 16019 | Orc:2    | Bought a potion of curing for 69 gold pieces
 16146 | Orc:2    | Bought a potion of ambrosia for 112 gold pieces
 16146 | Orc:2    | Bought a potion of heal wounds for 70 gold pieces
 16146 | Orc:2    | Bought a potion of attraction for 42 gold pieces
 16146 | Orc:2    | Bought 2 potions of heal wounds for 140 gold pieces
 16789 | Lair:2   | Your ally Syrus died
 16792 | Lair:2   | Reached skill level 15 in Armour
 16794 | Lair:2   | Gained Gorm as an ally
 17688 | Lair:2   | Found a staircase to the Shoals.
 18763 | Lair:4   | Gained Bogbarth as an ally
 18828 | Lair:4   | Reached XP level 16. HP: 147/147 MP: 23/23
 18944 | Lair:4   | Found a staircase to the Snake Pit.
 19616 | Lair:5   | Found a staircase to the Slime Pits.
 19617 | Lair:5   | Found a viscous altar of Jiyva.
 20599 | Lair:6   | Entered Level 6 of the Lair of Beasts
 20614 | Lair:6   | Gained Alork as an ally
 20672 | Lair:6   | Found a dark tunnel.
 20682 | Volcano  | Entered a volcano
 20750 | Volcano  | Gained Bogbrand as an ally
 20813 | Volcano  | Noticed an orb of fire
 20867 | Volcano  | Noticed an orb of fire
 21157 | Lair:6   | Noticed Nessos
 21162 | Lair:6   | Killed Nessos
 21716 | Lair:6   | Found a corrupted altar of Lugonu.
 21716 | Lair:6   | Found a one-way gate to the infinite horrors of the Abyss.
 22223 | Elf:1    | Entered Level 1 of the Elven Halls
 22441 | Elf:1    | Reached XP level 17. HP: 85/154 MP: 24/24
 22665 | Elf:1    | Found Onufuh's Book Emporium.
 23450 | Elf:2    | Reached skill level 1 in Evocations
 23706 | Elf:2    | Found a huge runed translucent gate.
 23706 | Elf:2    | Found a huge runed translucent gate.
 23707 | Elf:2    | Found a huge runed translucent gate.
 23708 | Elf:2    | Found a huge runed translucent gate.
 23715 | Elf:2    | Found a huge runed translucent gate.
 23918 | Elf:2    | Identified the +4 shadow dragon scales of the Beginning
                  | {rF++ Stlth++++}
 24253 | Elf:3    | Entered Level 3 of the Elven Halls
 24255 | Elf:3    | Paralysed by an air elemental for 1 turns
 24283 | Elf:2    | Found a radiant altar of Vehumet.
 24283 | Elf:2    | Your ally Bogbrand died
 25371 | Shoals:1 | Entered Level 1 of the Shoals
 25425 | Shoals:1 | Reached skill level 15 in Fighting
 25718 | Shoals:1 | Found Amitos's Jewellery Emporium.
 25734 | Shoals:1 | Bought the ring of Sunlight {rPois rC+ Int-4 SInv} for 417
                  | gold pieces
 25796 | Shoals:1 | Noticed a kraken
 25805 | Shoals:1 | Killed a kraken
 26174 | Shoals:2 | Noticed Donald
 26181 | Shoals:2 | Killed Donald
 26265 | Shoals:2 | Found Riblampa's Weapon Emporium.
 26515 | Shoals:2 | Reached skill level 5 in Evocations
 26656 | Shoals:2 | Noticed Polyphemus
 26675 | Shoals:2 | Killed Polyphemus
 26786 | Shoals:2 | Found a runed translucent door.
 27312 | Shoals:3 | Reached XP level 18. HP: 166/166 MP: 25/25
 27366 | Shoals:3 | Found a flickering gateway to a bazaar.
 27375 | Bazaar   | Entered a bazaar
 27375 | Bazaar   | Found Kierawap's Distillery.
 27380 | Bazaar   | Found Onaiss's Antique Weapon Emporium.
 27401 | Bazaar   | Found Ebuoll's Antique Weapon Shop.
 27406 | Bazaar   | Found Hyvien's Jewellery Shoppe.
 27442 | Bazaar   | Bought a potion of mutation for 96 gold pieces
 27442 | Bazaar   | Bought a potion of invisibility for 96 gold pieces
 27442 | Bazaar   | Bought a potion of might for 48 gold pieces
 27442 | Bazaar   | Bought a potion of curing for 36 gold pieces
 27442 | Bazaar   | Bought 2 potions of curing for 72 gold pieces
 27442 | Bazaar   | Bought a potion of curing for 36 gold pieces
 27537 | Shoals:3 | Reached skill level 15 in Shields
 28337 | Shoals:4 | Entered Level 4 of the Shoals
 28447 | Shoals:4 | Noticed Nikola
 28466 | Shoals:4 | Your ally Bogbarth died
 28469 | Shoals:4 | Killed Nikola
 28488 | Shoals:4 | Your ally Alork died
 28595 | Shoals:4 | Got a barnacled rune of Zot
 28839 | Shoals:4 | Your ally Gorm died
 29560 | Shoals:2 | Bought a +0 broad axe for 68 gold pieces
 29766 | Vaults:1 | Entered Level 1 of the Vaults
 29941 | Vaults:1 | Found a huge runed gate.
 29941 | Vaults:1 | Found a huge runed gate.
 29941 | Vaults:1 | Found a huge runed gate.
 29941 | Vaults:1 | Found a huge runed gate.
 29941 | Vaults:1 | Found a huge runed gate.
 29941 | Vaults:1 | Found a huge runed gate.
 29941 | Vaults:1 | Found a huge runed gate.
 29944 | Vaults:1 | Found a huge runed gate.
 29951 | Vaults:1 | Found a huge runed gate.
 29953 | Vaults:1 | Found a huge runed gate.
 29957 | Vaults:1 | Found a huge runed gate.
 29957 | Vaults:1 | Found a huge runed gate.
 29957 | Vaults:1 | Found a huge runed gate.
 29957 | Vaults:1 | Found a huge runed gate.
 29957 | Vaults:1 | Found a huge runed gate.
 29957 | Vaults:1 | Found a huge runed gate.
 29958 | Vaults:1 | Found a huge runed gate.
 29959 | Vaults:1 | Found a huge runed gate.
 29960 | Vaults:1 | Found a huge runed gate.
 29970 | Vaults:1 | Found a huge runed gate.
 29970 | Vaults:1 | Found a huge runed gate.
 29970 | Vaults:1 | Found a huge runed gate.
 29970 | Vaults:1 | Found a huge runed gate.
 29970 | Vaults:1 | Found a huge runed gate.
 29970 | Vaults:1 | Found a huge runed gate.
 29971 | Vaults:1 | Found a huge runed gate.
 29972 | Vaults:1 | Found a huge runed gate.
 29973 | Vaults:1 | Found a huge runed gate.
 29981 | Vaults:1 | Found a huge runed gate.
 29981 | Vaults:1 | Found a huge runed gate.
 29981 | Vaults:1 | Found a huge runed gate.
 29981 | Vaults:1 | Found a huge runed gate.
 29981 | Vaults:1 | Found a huge runed gate.
 29981 | Vaults:1 | Found a huge runed gate.
 29982 | Vaults:1 | Found a huge runed gate.
 30062 | Vaults:1 | Found a huge runed gate.
 30873 | Vaults:1 | Reached XP level 19. HP: 179/179 MP: 26/26
 30920 | Vaults:1 | Reached skill level 10 in Evocations
 31105 | Vaults:1 | Noticed a hellephant
 31114 | Vaults:1 | Your ally Bogbarth died
 31116 | Vaults:1 | Your ally Morguth died
 31379 | Vaults:1 | Killed a hellephant
 31702 | Snake:1  | Entered Level 1 of the Snake Pit
 31739 | Snake:1  | Your ally Bogbarth died
 31976 | Snake:1  | Found a runed translucent door.
 31976 | Snake:1  | Noticed Dadghomedgh's ghost (adept GnWz)
 32933 | Orc:2    | Bought a manual of Shields for 1040 gold pieces
 33695 | Snake:2  | Noticed Vashnia
 33733 | Snake:2  | Killed Vashnia
 34600 | Snake:3  | Found Yniuhiug's Assorted Antiques.
 34604 | Snake:3  | Found Plog's Distillery.
 34608 | Snake:3  | Bought a scroll labelled KECROE XUENEKO for 31 gold pieces
 34614 | Snake:3  | Bought a potion of heal wounds for 80 gold pieces
 34614 | Snake:3  | Bought 2 potions of berserk rage for 160 gold pieces
 34622 | Snake:3  | Bought a pitted morningstar for 279 gold pieces
 34622 | Snake:3  | Identified the +0 morningstar "Ugrimuec" {drain, rElec
                  | Will+ MP+9 Int+4} (You bought it in a shop on level 3 of
                  | the Snake Pit)
 34730 | Snake:3  | Gained Olfrun as an ally
 34804 | Snake:3  | Reached XP level 20. HP: 172/193 MP: 27/27
 35006 | Snake:3  | Identified the +8 scythe of Figavv Eguma {vorpal, rN+++
                  | Str+7 Int-2 SInv}
 35516 | Snake:4  | Entered Level 4 of the Snake Pit
 35789 | Snake:4  | Noticed Aizul
 35810 | Snake:4  | Killed Aizul
 36727 | Snake:4  | Got a serpentine rune of Zot
 37662 | Elf:3    | Noticed a Brimstone Fiend
 37770 | Elf:3    | Noticed a Tzitzimitl
 37776 | Elf:3    | Noticed a Tzitzimitl
 37844 | Elf:3    | Gained Orkrul as an ally
 37850 | Elf:3    | Your ally Orkrul died
 37959 | Elf:3    | Gained Olfik as an ally
 37991 | Elf:3    | Identified the +3 rapier "Othis" {vorpal, rF+}
 37996 | Elf:3    | Reached XP level 21. HP: 207/207 MP: 28/28
 37996 | Elf:3    | Identified the +1 troll leather armour "Jism" {*Slow rC+
                  | rN+ Regen+}
 38003 | Elf:3    | Got Cizieni's Papyrus of Damaging Cold
 38012 | Elf:3    | Identified the +2 buckler "Canuinum" {rF+ rC+}
 38825 | Vaults:2 | Reached skill level 1 in Dodging
 39041 | Vaults:2 | Noticed Boris
 39052 | Vaults:2 | Killed Boris
 39591 | Vaults:2 | Noticed Mara
 39602 | Vaults:2 | Noticed RighteousDevil's illusion
 39609 | Vaults:2 | Killed Mara
 39912 | Vaults:2 | Found a staircase to the Crypt.
 39912 | Vaults:2 | Found an ancient bone altar of Kikubaaqudgha.
 39913 | Vaults:2 | Found a basalt altar of Yredelemnul.
 39938 | Crypt:1  | Entered Level 1 of the Crypt
 40147 | Vaults:3 | Noticed Xtahua
 40157 | Vaults:3 | Killed Xtahua
 40158 | Vaults:3 | Reached skill level 5 in Dodging
 40721 | Vaults:3 | Noticed Bai Suzhen
 40741 | Vaults:3 | Killed Bai Suzhen
 40756 | Vaults:3 | Noticed Saint Roka
 40775 | Vaults:3 | Killed Saint Roka
 40908 | Vaults:3 | Noticed Boris
 40927 | Vaults:3 | Killed Boris
 40936 | Vaults:3 | Your ally Olfik died
 41835 | Vaults:4 | Found a portal to a secret trove of treasure.
 41869 | Vaults:4 | Found a magical portal.
 41892 | WizLab   | Entered Lehudib's Moon Base
 41968 | WizLab   | Gained mutation: Your magical capacity is low. (-10% MP) [a
                  | neqoxec]
 42089 | WizLab   | Reached XP level 22. HP: 213/222 MP: 20/20
 42389 | WizLab   | Gained Borgoth as an ally
 42432 | WizLab   | Gained mutation: You are frail. (-10% HP) [a cacodemon]
 42492 | WizLab   | Found a transporter.
 42495 | WizLab   | Your ally Borgoth died
 43422 | WizLab   | Found a transporter.
 43496 | WizLab   | Gained Wulfoc as an ally
 43578 | WizLab   | Identified the +7 halberd of the Spheres {vorpal, rPois rC+
                  | Str-4}
 43580 | WizLab   | Identified the ring "Nujof" {rPois Int+2 SInv}
 43917 | Vaults:4 | Lost mutation: You are frail. (-10% HP) [potion of
                  | mutation]
 43917 | Vaults:4 | Lost mutation: Your magical capacity is low. (-10% MP)
                  | [potion of mutation]
 43917 | Vaults:4 | Gained mutation: You are frail. (-10% HP) [potion of
                  | mutation]
 43917 | Vaults:4 | Gained mutation: You are partially covered in large bone
                  | plates. (SH +4) [potion of mutation]
 43917 | Vaults:4 | Gained mutation: You possess an exceptional clarity of
                  | mind. [potion of mutation]
 45085 | Vaults:5 | Entered Level 5 of the Vaults
 45099 | Vaults:5 | Noticed an ancient lich
 45136 | Vaults:4 | Killed an ancient lich
 45166 | Vaults:5 | Noticed a golden dragon
 45242 | Vaults:4 | Killed a golden dragon
 45362 | Vaults:4 | Reached skill level 10 in Dodging
 45421 | Vaults:5 | Noticed a golden dragon
 45421 | Vaults:5 | Noticed an ancient lich
 45431 | Vaults:5 | Noticed a dread lich
 45734 | Vaults:5 | Identified the ring "Moasan" {Fly Int+4}
 45870 | Vaults:5 | Got a silver rune of Zot
 46274 | Depths:1 | Entered Level 1 of the Depths
 46514 | Crypt:1  | Reached XP level 23. HP: 197/212 MP: 30/30
 47045 | Crypt:1  | Gained Borgk as an ally
 47581 | Crypt:2  | Noticed Mennas
 47591 | Crypt:2  | Your ally Wulfoc died
 47646 | Crypt:2  | Killed Mennas
 48102 | Crypt:2  | Noticed Boris
 48116 | Crypt:2  | Killed Boris
 48305 | Crypt:2  | Your ally Olfrun died
 49077 | Crypt:3  | Entered Level 3 of the Crypt
 49246 | Crypt:3  | Reached skill level 27 in Fighting
 49285 | Crypt:3  | Found a staircase to the Tomb.
 49304 | Crypt:3  | Identified the +1 leather armour "Qavuddao" {Int+5}
 49523 | Crypt:3  | Got the Incunabulum of Dark Rituals
 49566 | Crypt:3  | Reached skill level 15 in Invocations
 50104 | Crypt:3  | Found an ancient bone altar of Kikubaaqudgha.
 50386 | Crypt:3  | Reached XP level 24. HP: 224/224 MP: 35/35
 50386 | Crypt:3  | Noticed an ancient lich
 50393 | Crypt:3  | Killed an ancient lich
 50578 | Crypt:3  | Noticed Boris
 50590 | Crypt:3  | Killed Boris
 51383 | Slime:1  | Entered Level 1 of the Pits of Slime
 51401 | Slime:1  | Gained mutation: Your muscles are strong. (Str +2) [a
                  | shining eye]
 51544 | Slime:4  | Noticed Dissolution
 51549 | Slime:4  | Gained mutation: Your flesh is cold resistant. (rC+) [a
                  | shining eye]
 51557 | Slime:4  | Paralysed by a floating eye for 2 turns
 51557 | Slime:4  | Killed Dissolution
 51560 | Slime:4  | Your ally Borgk died
 51833 | Slime:4  | Gained Boldo as an ally
 51847 | Slime:5  | Entered Level 5 of the Pits of Slime
 51893 | Slime:5  | Found a viscous altar of Jiyva.
 51894 | Slime:5  | Noticed the Royal Jelly
 51934 | Slime:5  | Your ally Boldo died
 51945 | Slime:5  | Killed the Royal Jelly
 52158 | Slime:5  | Found the +8 orange crystal plate armour {Archmagi, Int+3
                  | Clar}
 52161 | Slime:5  | Identified the +10 long sword "Afokug" {vorpal, rN++}
 52164 | Slime:5  | Got a slimy rune of Zot
 52171 | Slime:5  | Identified the +7 plate armour "Ynehawe" {Fly rPois rN+
                  | Str-2 Dex+2}
 52203 | Slime:5  | Identified the +1 pair of gloves "Tueqocvu" {rElec rCorr
                  | MP-9 Int+8}
 52259 | Slime:5  | Identified the +0 robe of the Untouchables {rC++ rCorr
                  | Dex-5 Archmagi}
 52677 | Depths:1 | Found a one-way gate leading to the halls of Pandemonium.
 52701 | Depths:1 | Paralysed by a floating eye for 4 turns
 52712 | Depths:1 | Paralysed by a floating eye for 3 turns
 52718 | Depths:1 | Paralysed by a floating eye for 3 turns
 52719 | Depths:1 | Your ally Borgk died
 52723 | Depths:1 | Your ally Olfik died
 52729 | Depths:1 | Gained Harm as an ally
 53035 | Depths:1 | Found a gateway to Hell.
 53116 | Depths:1 | Found a broken altar of Ashenzari.
 53730 | Depths:2 | Your ally Harm died
 53745 | Depths:2 | Noticed a caustic shrike
 53765 | Depths:2 | Killed a caustic shrike
 53821 | Depths:2 | Noticed a juggernaut
 53986 | Depths:2 | Killed a juggernaut
 53989 | Depths:2 | Reached XP level 25. HP: 162/231 MP: 29/38
 54205 | Depths:2 | Noticed Asterion
 54218 | Depths:2 | Killed Asterion
 54345 | Depths:2 | Noticed Boris
 54370 | Depths:2 | Killed Boris
 54994 | Depths:2 | Identified the +1 robe of Fysm {rC+ rCorr Dex+3}
 56072 | Depths:3 | Noticed a juggernaut
 56097 | Depths:3 | Killed a juggernaut
 56113 | Depths:3 | Noticed a juggernaut
 56132 | Depths:3 | Killed a juggernaut
 56350 | Depths:3 | Identified the +0 scale mail of Dishonour {Dex+2}
 56412 | Depths:3 | Noticed a juggernaut
 56413 | Depths:3 | Noticed a juggernaut
 56415 | Depths:3 | Noticed a juggernaut
 56425 | Depths:3 | Killed a juggernaut
 56436 | Depths:3 | Killed a juggernaut
 56448 | Depths:3 | Killed a juggernaut
 57186 | Depths:3 | Reached skill level 27 in Invocations
 57923 | Depths:3 | Reached XP level 26. HP: 165/239 MP: 31/40
 57958 | Depths:3 | Found the +8 demon blade "Leech" {vamp, Harm Drain rN+}
 58332 | Depths:3 | Acquired 1042 gold pieces
 58978 | Depths:3 | Found a stormy altar of Qazlal.
 59013 | Depths:4 | Entered Level 4 of the Depths
 59050 | Depths:4 | Found a one-way gateway to a ziggurat.
 59120 | Depths:4 | Reached skill level 1 in Long Blades
 59180 | Depths:4 | Reached skill level 1 in Spellcasting
 59243 | Depths:3 | HP: 9/239 [spriggan berserker (26)]
 59829 | Depths:4 | Reached skill level 5 in Long Blades
 60172 | Depths:4 | Found a gate to the Realm of Zot.
 60586 | Depths:4 | Found a shimmering blue altar of Sif Muna.
 60832 | Depths:4 | Found Dipie's Blood Bar.
 60867 | Zot:1    | Entered Level 1 of the Realm of Zot
 60882 | Zot:1    | Gained Warrok as an ally
 60896 | Zot:1    | Your ally Warrok died
 62051 | Zot:1    | Reached skill level 10 in Long Blades
 62542 | Zot:1    | Acquired a manual of Evocations
 62899 | Zot:1    | Found a runed translucent gate.
 62900 | Zot:1    | Found a runed translucent gate.
 62900 | Zot:1    | Found an opulent altar of Gozag.
 62901 | Zot:1    | Found a runed translucent gate.
 62907 | Zot:1    | Found Geig's Assorted Antiques.
 62907 | Zot:1    | Noticed Hicanoach's ghost (master DsGl)
 62909 | Zot:1    | Found Iwahocuj's Assorted Antiques.
 62912 | Zot:1    | Lost mutation: Your muscles are strong. (Str +2) [potion of
                  | mutation]
 62912 | Zot:1    | Lost mutation: You are partially covered in large bone
                  | plates. (SH +4) [potion of mutation]
 62912 | Zot:1    | Lost mutation: You possess an exceptional clarity of mind.
                  | [potion of mutation]
 62912 | Zot:1    | Gained mutation: Your mind is acute. (Int +2) [potion of
                  | mutation]
 62912 | Zot:1    | Gained mutation: You have large cloven feet. [potion of
                  | mutation]
 62913 | Zot:1    | Lost mutation: Your flesh is cold resistant. (rC+) [potion
                  | of mutation]
 62913 | Zot:1    | Lost mutation: Your mind is acute. (Int +2) [potion of
                  | mutation]
 62913 | Zot:1    | Gained mutation: You are clumsy. (Dex -2) [potion of
                  | mutation]
 62913 | Zot:1    | Gained mutation: Your system is resistant to poisons.
                  | (rPois) [potion of mutation]
 62913 | Zot:1    | Gained mutation: Your spells are a little harder to cast,
                  | but a little more powerful. [potion of mutation]
 62913 | Zot:1    | Gained mutation: You are resistant to electric shocks.
                  | (rElec) [potion of mutation]
 62914 | Zot:1    | Lost mutation: Your spells are a little harder to cast, but
                  | a little more powerful. [potion of mutation]
 62914 | Zot:1    | Lost mutation: You are frail. (-10% HP) [potion of
                  | mutation]
 62914 | Zot:1    | Gained mutation: You are strong-willed. (Will+) [potion of
                  | mutation]
 62914 | Zot:1    | Lost mutation: Your system is resistant to poisons. (rPois)
                  | [potion of mutation]
 62990 | Zot:1    | Found Bucygo's CLEARANCE SALE!.
 62997 | Zot:1    | Bought a scroll of silence for 22 gold pieces
 62997 | Zot:1    | Bought a scroll of holy word for 22 gold pieces
 63363 | Zot:1    | Identified the ring of Voamol {Int+5 Dex+6}
 63366 | Zot:1    | Identified the +8 mace of Emyfem {vorpal, rC+ Int+4}
 63976 | Zot:2    | Found a huge runed gate.
 63976 | Zot:2    | Found a huge runed gate.
 63976 | Zot:2    | Found a huge runed gate.
 63976 | Zot:2    | Found a huge runed gate.
 63977 | Zot:2    | Found a huge runed gate.
 63978 | Zot:2    | Found a huge runed gate.
 63979 | Zot:2    | Found a huge runed gate.
 63980 | Zot:2    | Found a huge runed gate.
 63980 | Zot:2    | Found a huge runed gate.
 63980 | Zot:2    | Found a huge runed gate.
 64048 | Zot:2    | Found a huge runed gate.
 64048 | Zot:2    | Found a huge runed gate.
 64048 | Zot:2    | Found a huge runed gate.
 64048 | Zot:2    | Found a huge runed gate.
 64048 | Zot:2    | Found a huge runed gate.
 64048 | Zot:2    | Found a huge runed gate.
 64049 | Zot:2    | Found a huge runed gate.
 64050 | Zot:2    | Found a huge runed gate.
 64051 | Zot:2    | Found a huge runed gate.
 64059 | Zot:2    | Found a huge runed gate.
 64059 | Zot:2    | Found a huge runed gate.
 64059 | Zot:2    | Found a huge runed gate.
 64059 | Zot:2    | Found a huge runed gate.
 64059 | Zot:2    | Found a huge runed gate.
 64059 | Zot:2    | Found a huge runed gate.
 64060 | Zot:2    | Found a huge runed gate.
 64067 | Zot:2    | Found a huge runed gate.
 64067 | Zot:2    | Found a huge runed gate.
 64077 | Zot:2    | Found a huge runed gate.
 64077 | Zot:2    | Found a huge runed gate.
 64077 | Zot:2    | Found a huge runed gate.
 64077 | Zot:2    | Found a huge runed gate.
 64077 | Zot:2    | Found a huge runed gate.
 64077 | Zot:2    | Found a huge runed gate.
 64078 | Zot:2    | Found a huge runed gate.
 64079 | Zot:2    | Found a huge runed gate.
 64656 | Zot:2    | Reached XP level 27. HP: 222/273 MP: 28/40
 65723 | Zot:3    | Reached skill level 15 in Evocations
 66625 | Zot:3    | Gained Ortolf as an ally
 66633 | Zot:3    | Your ally Ortolf died
 67306 | Zot:5    | Entered Level 5 of the Realm of Zot
 68207 | Zot:5    | Noticed a dread lich
 68220 | Zot:5    | Killed a dread lich
 68271 | Zot:5    | Gained mutation: Potions are less effective at restoring
                  | your health. [mutagenic glow]
 68283 | Zot:5    | Gained mutation: You are frail. (-10% HP) [mutagenic glow]
 68291 | Zot:5    | Gained mutation: Your spells are a little easier to cast,
                  | but a little less powerful. [mutagenic glow]
 68295 | Zot:5    | Noticed an orb of fire
 68298 | Zot:5    | Gained mutation: Potions cannot restore your health. [an
                  | orb of fire]
 68299 | Zot:5    | Killed an orb of fire
 68303 | Zot:5    | Gained mutation: You do not regenerate when monsters are
                  | visible. [mutagenic glow]
 68367 | Zot:5    | Lost mutation: You are frail. (-10% HP) [potion of
                  | mutation]
 68367 | Zot:5    | Lost mutation: Potions cannot restore your health. [potion
                  | of mutation]
 68367 | Zot:5    | Lost mutation: Your spells are a little easier to cast, but
                  | a little less powerful. [potion of mutation]
 68367 | Zot:5    | Lost mutation: You are clumsy. (Dex -2) [potion of
                  | mutation]
 68368 | Zot:5    | Lost mutation: Potions are less effective at restoring your
                  | health. [potion of mutation]
 68368 | Zot:5    | Lost mutation: You are resistant to electric shocks.
                  | (rElec) [potion of mutation]
 68368 | Zot:5    | Gained mutation: You are frail. (-10% HP) [potion of
                  | mutation]
 68368 | Zot:5    | Gained mutation: You are clumsy. (Dex -2) [potion of
                  | mutation]
 68368 | Zot:5    | Lost mutation: You are strong-willed. (Will+) [potion of
                  | mutation]
 68368 | Zot:5    | Noticed an ancient lich
 68369 | Zot:5    | Lost mutation: You do not regenerate when monsters are
                  | visible. [potion of mutation]
 68369 | Zot:5    | Lost mutation: You are clumsy. (Dex -2) [potion of
                  | mutation]
 68369 | Zot:5    | Gained mutation: You are strong-willed. (Will+) [potion of
                  | mutation]
 68378 | Zot:5    | Killed an ancient lich
 68398 | Zot:5    | Noticed a dread lich
 68398 | Zot:5    | Noticed an orb of fire
 68398 | Zot:5    | Noticed an orb of fire
 68401 | Zot:5    | Gained mutation: Your muscles are strong. (Str +2) [an orb
                  | of fire]
 68402 | Zot:5    | Gained mutation: Armour fits poorly on your strangely
                  | shaped body. [an orb of fire]
 68404 | Zot:5    | Gained mutation: Your spells are a little easier to cast,
                  | but a little less powerful. [an orb of fire]
 68415 | Zot:5    | Killed an orb of fire
 68418 | Zot:5    | HP: 1/245 [orb of fire/fireball (32)]
 68419 | Zot:5    | Killed from afar by an orb of fire

Illustrated notes

Levels and vault maps discovered:
D:1:      dpeg_arrival_snail, layout_basic, serial_shops,
          nicolae_shop_overgrown_old_shop
D:2:      layout_rooms, serial_rivers, chequers_serial_rivers_room_b,
          chequers_serial_rivers_room_b, chequers_serial_rivers_micro_a,
          chequers_serial_rivers_marsh
D:3:      layout_basic, dilly_ecumenical_altar_fadedgnrine
D:4:      layout_loops_ring, zin_academy, uniq_eustachio
D:5:      layout_basic, nicolae_ru_path_of_blood, lemuel_tele_altar,
          nicolae_ossuary_entry_monument
D:6:      layout_cave_pools, nicolae_uskayaw_murder_on_the_dancefloor,
          serial_gnoll_camp, gnoll_camp_mini_shop, gnoll_camp_mini_basic,
          gnoll_camp_mini_hut, gnoll_camp_mini_basic
D:7:      nicolae_cairo_tiling_large, layout_rooms,
          minmay_temple_entry_mini_moons, serial_shops, shop_fountains,
          uniq_duvessa, uniq_menkaure
D:8:      layout_loops_ring
D:9:      layout_loops_ring, fedhas_altar_fruit_tree,
          due_lair_maze_entry_diamond, gammafunk_ghost_stat_death, uniq_joseph,
          uniq_erolcha
D:10:     layout_cave_pools, david_orc_3, uniq_snorg, uniq_urug
D:11:     layout_layer_cave, gauntlet_entry_generic, elyvilon_altar_1
D:12:     cheibrodos_helix_gallery, layout_loops_corners
D:13:     layout_roguey
D:14:     layout_layer_cave, hangedman_vaults_entry_quadrant_bands, basic_altar
D:15:     grunt_enter_depths_magical_seal, layout_basic,
          hangedman_decor_riveting
Temple:   minmay_crystal_spiral_temple
Lair:1:   layout_loops_ring, portal_ice_cave_demonic_guard
Lair:2:   nzn_winding_woodlands_large [nzn_winding_woodlands_hourglass,
          nzn_winding_woodlands_5x15_garden, nzn_winding_woodlands_5x5_three,
          nzn_winding_woodlands_center_diamonds,
          nzn_winding_woodlands_15x15_boxy_spiral,
          nzn_winding_woodlands_center_pierced_h,
          nzn_winding_woodlands_5x5_default, nzn_winding_woodlands_5x15_cabin,
          nzn_winding_woodlands_5x5_closed_star], layout_big_grid,
          elwin_shoals_entry_stream
Lair:3:   layout_regular_city, grunt_megastairs_2
Lair:4:   layout_cave_pods, guppyfry_snake_entry_island
Lair:5:   layout_layer_cave, slime_altar_1, hibernation_bobbens,
          grunt_megastairs_1, lemuel_fruit_tree
Lair:6:   hellmonk_lair_end_abyssal_woods, layout_long_grid,
          lightli_volcano_entry_magma_tube, serial_bayou, serial_bayou_lagoon_a,
          serial_bayou_crossing, serial_bayou_pond_c, serial_bayou_ford_a,
          uniq_nessos
Shoals:1: layout_shoals, serial_shops, nicolae_shop_statue_plus
Shoals:2: layout_shoals, serial_shops, nicolae_shop_trees, lightli_airlock,
          uniq_donald, uniq_polyphemus
Shoals:3: layout_shoals, serial_shops, bzr_firewalk, centaur_isle
Shoals:4: shoals_end_grunt_ice, layout_shoals, uniq_nikola
Snake:1:  layout_gridlike, ebering_ghost_inner_flame
Snake:2:  layout_cave_shapes, grunt_ministairs_15, uniq_vashnia
Snake:3:  layout_onion, serial_bayou, serial_bayou_pond_c, serial_bayou_pond_d,
          serial_bayou_pond_e, serial_bayou_pond_d, serial_bayou_lagoon_b,
          minmay_shoptagon
Snake:4:  grunt_snake_rune_pools, layout_cave_town, uniq_aizul
Slime:1:  layout_caves
Slime:2:  layout_caves, basic_altar
Slime:3:  layout_caves
Slime:4:  layout_caves, dissolution_awaits
Slime:5
Orc:1:    layout_caves, basic_altar
Orc:2:    st_orc_ogre_mass, layout_diamond_mine, basic_altar, serial_shops, shop
Elf:1:    minmay_elf_arrival_circle, layout_onion_city, serial_shops,
          nicolae_shop_hallway_plus, hangedman_elven_crosses_minicolossus
Elf:2:    elven_hall_of_blades_hangedman_alternative
          [nicolae_blade_entry_crossed_weapons], layout_onion_city,
          lemuel_upstairs_altar, uniq_louise
Elf:3:    elf_hall, layout_geoelf_octagon, minmay_misc_feat_diagonals
Vaults:1: nicolae_vaults_little_squares_5, vaults_dpeg_doors,
          not_door_vault_due, v_misc_31, ontoclasm_vaults_decontamination,
          v_misc_25, vaults_room_large_hall, vaults_room_semicircle,
          vaults_mumra_hex, vaults_room_pools, vaults_dpeg_encased_lava,
          vaults_mumra_chevron, nicolae_vaults_bisected_slash, v_rooms_2,
          nicolae_vaults_theta, nicolae_vaults_ring_of_whatevers,
          nicolae_vaults_little_squares_6, vaults_room_grid, layout_vaults_ring,
          serial_shops, nicolae_lakefront_shop
Vaults:2: ontoclasm_vaults_shuriken, ontoclasm_vaults_shout, v_alt_pattern_4,
          nicolae_vaults_little_ls, nicolae_vaults_hallways_thing,
          minmay_crypt_entry_necro_gods, nicolae_vaults_windows_and_doors_thing,
          ontoclasm_vaults_claustrophobia, v_misc_18, layout_vaults_omnigrid,
          uniq_mara, uniq_boris
Vaults:3: nicolae_vaults_specimen_jars, v_misc_8, grunt_vaults_trifunnel,
          nicolae_vaults_little_squares_6, hangedman_vaults_cutoff,
          vaults_room_ringed_pool, nicolae_vaults_little_squares_4,
          ontoclasm_vaults_spin, hangedman_vaults_restitches,
          grunt_vaults_diagonal, nicolae_vaults_ring_of_whatevers,
          layout_vaults_omnicross, uniq_bai_suzhen, uniq_saint_roka, uniq_xtahua
Vaults:4: lightli_enter_wizlab_magi_temple, dpeg_vaults_monster_row,
          hangedman_vaults_stream, grunt_vaults_hallway_long,
          hangedman_vaults_restitches, v_misc_22, hangedman_vaults_river_flow,
          hangedman_vaults_cutoff, nicolae_vaults_network_square, v_misc_25,
          v_alt_pattern_1, ontoclasm_vaults_loading_screen,
          layout_vaults_omnibox, enter_trove_0
Vaults:5: serial_shops
Crypt:1:  layout_basic
Crypt:2:  layout_rooms, st_stairs_4, uniq_mennas
Crypt:3:  evilmike_haunted_forest
Depths:1: layout_cave_shapes, nrook_campfire, grunt_mini_vestibule, pan_entry,
          evilmike_ruin_ashenzari
Depths:2: minmay_the_grid_square_5x5_5x5 [minmay_the_grid_square_5x5_inner_v,
          minmay_the_grid_square_5x5_plus, minmay_the_grid_square_5x5_detours,
          minmay_the_grid_square_5x5_v, minmay_the_grid_square_5x5_six,
          minmay_the_grid_square_5x5_forky,
          minmay_the_grid_square_5x5_prize_gold,
          minmay_the_grid_square_5x5_longway,
          minmay_the_grid_square_5x5_prize_pseudospiral,
          minmay_the_grid_square_5x5_bracketed,
          minmay_the_grid_square_5x5_shuriken, minmay_the_grid_square_5x5_two,
          minmay_the_grid_square_5x5_prize_monsterx,
          minmay_the_grid_square_5x5_fat_x,
          minmay_the_grid_square_5x5_doubleslash,
          minmay_the_grid_square_5x5_almost_minimal,
          minmay_the_grid_square_5x5_prize_junk,
          minmay_the_grid_square_5x5_tri_point,
          minmay_the_grid_square_5x5_prize_open, minmay_the_grid_square_5x5_z,
          minmay_the_grid_square_5x5_spiral_small,
          minmay_the_grid_square_5x5_one_wall,
          minmay_the_grid_square_5x5_eight_small,
          minmay_the_grid_square_5x5_comb, minmay_the_grid_square_5x5_eight],
          layout_gridlike, hangedman_tar_grid_catacomb,
          infiniplex_staircase_zigzag_3, rand_demon_pan_entry_3, uniq_asterion
Depths:3: lemuel_castle_with_subvaults [lemuel_castle_interior_carwin_2],
          layout_honeycomb, nicolae_qazlal_style_of_elements, hellmouth_1,
          abyss_entry_crystal, minmay_microvault, infiniplex_staircase_star
Depths:4: grunt_zot_entry_tricorne, layout_basic, enter_ziggurat_f, hell_entry,
          lemuel_blue_sif_altar, guppyfry_shop_blood, serial_bayou_shore_a
Zot:1:    gammafunk_mikee_crab_dinner, layout_onion_interference,
          ebering_ghost_gozag, st_stairs_5, nicolae_shop_clearance
Zot:2:    hangedman_orp_of_zott, layout_twisted_circle, door_vault
Zot:3:    lemuel_acid_trip, layout_cathedral_of_symmetry
Zot:4:    minmay_elemental_castle, layout_concentric_octagons, st_stairs_2
Zot:5:    layout_basic

Skill      XL: |  1  2  3  4  5  6  7  8  9 10 11 12 13 14 15 16 17 18 19 20 21 22 23 24 25 26 27 |
---------------+----------------------------------------------------------------------------------+-----
Axes           | 3 4 5 7 8 9 11 14 17 18 | 18.0
Fighting       | 6 8 10 12 13 14 16 18 20 22 24 25 27 | 27.0
Invocations    | 5 8 10 16 22 27 | 27.0
Armour         | 5 7 9 11 13 18 22 23 | 23.5
Shields        | 5 7 9 11 12 13 14 16 18 21 22 | 22.6
Maces & Flails | 1 6 8 9 |  9.4
Evocations     | 6 9 11 17 | 17.4
Dodging        | 7 10 11 | 11.5
Long Blades    | 13 14 | 14.0
Spellcasting   | 1 |  1.9

Action                   |  1- 3 |  4- 6 |  7- 9 | 10-12 | 13-15 | 16-18 | 19-21 | 22-24 | 25-27 || total
-------------------------+-------+-------+-------+-------+-------+-------+-------+-------+-------++-------
Melee: War axe           |    98 |   134 |   182 |       |       |       |       |       |       ||   414
       Broad axe         |       |       |    53 |   347 |   592 |   845 |  1183 |  1672 |  1364 ||  6056
       Morningstar       |       |       |       |    14 |    77 |     8 |     3 |       |       ||   102
       Demon blade       |       |       |       |       |       |       |       |       |   658 ||   658
Throw: Throwing net      |       |       |       |     1 |     1 |       |       |       |       ||     2
Invok: Convert to Beogh  |       |       |     1 |       |       |       |       |       |       ||     1
       Smiting           |       |       |       |       |     1 |     8 |       |     9 |    35 ||    53
       Recall Orcish Fol |       |       |       |       |     3 |    18 |     5 |    14 |     2 ||    42
       Give Item to Name |       |       |       |       |       |     3 |     1 |     1 |       ||     5
       Resurrection      |       |       |       |       |       |     1 |     2 |     1 |       ||     4
Evoke: Condenser vane    |       |       |       |       |     1 |       |     2 |     1 |     1 ||     5
       Wand              |       |       |       |       |       |    10 |    19 |     3 |     6 ||    38
       Phantom mirror    |       |       |       |       |       |     1 |       |       |     1 ||     2
       Tin of tremorston |       |       |       |       |       |       |     1 |       |       ||     1
  Use: Scroll            |       |     6 |    10 |    11 |     6 |    11 |    15 |    17 |     9 ||    85
       Potion            |       |       |       |     2 |     3 |     9 |    14 |    23 |    19 ||    70
 Stab: Invisible         |       |       |       |       |     1 |       |       |       |       ||     1
       Distracted        |       |       |       |       |    11 |     5 |     9 |    11 |     2 ||    38
       Confused          |       |       |       |       |     1 |       |       |       |       ||     1
Armor: Scale mail        |    46 |    20 |       |       |       |       |       |       |       ||    66
       Plate armour      |       |    82 |   141 |   214 |   421 |   440 |   427 |   102 |       ||  1827
       Chain mail        |       |     6 |       |       |       |       |       |       |       ||     6
       Gold dragon scale |       |       |       |       |       |       |       |   498 |   734 ||  1232
Dodge: Dodged            |    53 |    43 |    51 |    64 |    87 |   100 |   150 |   304 |   423 ||  1275
Block: Buckler           |    29 |    32 |    21 |       |       |       |       |       |       ||    82
       Kite shield       |       |       |    39 |   153 |       |       |       |       |       ||   192
       Tower shield      |       |       |       |    36 |   593 |   882 |  1253 |  1610 |  1846 ||  6220
       Reflection        |       |       |       |       |       |   108 |   174 |    34 |    38 ||   354
